General information
- name: BNet
- type: Ladder team game (AT/RT)
- host: Battle.net
- saver: MyCreation
map: GoldRush
- players: 8
- length: 29:16
- speed: Fast
- version: 1.23 W3XP
- replay type: Public
» download(167 KB)
Players
team 1 (winner)
MyCreation (
orange | 36 APM | 1052 actions | 29:16)
5 Mountain King
3 Storm Bolt
2 Bash
» actions
| Assign group hotkey | 26 | |
| Basic commands | 23 | |
| Build / train | 106 | |
| Enter build submenu | 45 | |
| Enter hero's abilities submenu | 5 | |
| Give item / drop item | 1 | |
| Right click | 420 | |
| Select / deselect | 261 | |
| Select group hotkey | 40 | |
| Use ability | 125 | |
1052 total
» units
» upgrades
| Masonry | 3 | |
| Lumber Harvesting | 2 | |
| Magic Sentry | 1 | |
6 total
» buildings
| Altar of Kings | 1 | |
| Farm | 4 | |
| Lumber Mill | 1 | |
| Scout Tower | 79 | |
| Arcane Tower | 1 | |
| Guard Tower | 44 | |
| Town Hall | 5 | |
| Keep | 1 | |
| Castle | 1 | |
| Arcane Sanctum | 1 | |
| Arcane Vault | 1 | |
| Blacksmith | 1 | |
140 total
» build order
00:05 Altar of Kings
00:27 Farm
00:39 Lumber Mill
01:39 Scout Tower
01:41 Scout Tower
01:42 Scout Tower
01:51 Farm
01:54 Scout Tower
02:19 Scout Tower
02:20 Scout Tower
02:29 Arcane Tower
02:35 Scout Tower
02:36 Scout Tower
02:38 Scout Tower
02:39 Scout Tower
02:40 Scout Tower
02:40 Scout Tower
03:01 Guard Tower
03:01 Guard Tower
03:07 Guard Tower
03:07 Guard Tower
03:16 Guard Tower
03:16 Guard Tower
04:01 Guard Tower
04:04 Guard Tower
04:04 Guard Tower
04:08 Farm
04:09 Farm
04:37 Guard Tower
04:38 Guard Tower
04:52 Scout Tower
04:53 Scout Tower
04:55 Scout Tower
04:58 Guard Tower
05:19 Scout Tower
05:23 Guard Tower
05:23 Guard Tower
05:45 Guard Tower
06:08 Guard Tower
06:25 Town Hall
06:52 Guard Tower
06:58 Scout Tower
06:58 Scout Tower
06:58 Scout Tower
06:59 Scout Tower
06:59 Scout Tower
07:00 Scout Tower
07:01 Scout Tower
07:02 Scout Tower
07:03 Scout Tower
07:04 Scout Tower
07:05 Scout Tower
07:07 Scout Tower
08:05 Guard Tower
08:50 Town Hall
09:48 Guard Tower
10:01 Guard Tower
10:26 Scout Tower
10:27 Scout Tower
10:28 Scout Tower
10:30 Scout Tower
10:46 Keep
11:05 Guard Tower
12:01 Guard Tower
12:46 Town Hall
12:57 Scout Tower
12:58 Scout Tower
12:59 Scout Tower
13:00 Scout Tower
13:02 Scout Tower
13:03 Scout Tower
13:03 Scout Tower
13:04 Scout Tower
13:04 Scout Tower
13:06 Scout Tower
13:07 Scout Tower
13:08 Scout Tower
13:22 Castle
13:29 Guard Tower
13:29 Guard Tower
13:56 Guard Tower
14:24 Guard Tower
15:44 Arcane Sanctum
16:08 Scout Tower
16:10 Scout Tower
16:11 Scout Tower
16:11 Scout Tower
16:46 Guard Tower
16:47 Guard Tower
16:49 Guard Tower
17:21 Guard Tower
17:32 Arcane Vault
17:36 Scout Tower
17:38 Scout Tower
18:04 Guard Tower
18:05 Guard Tower
18:28 Guard Tower
18:28 Guard Tower
22:04 Blacksmith
23:19 Town Hall
25:08 Town Hall
25:23 Scout Tower
25:23 Scout Tower
25:24 Scout Tower
25:24 Scout Tower
25:24 Scout Tower
25:25 Scout Tower
25:26 Scout Tower
25:26 Scout Tower
25:27 Scout Tower
25:28 Scout Tower
25:29 Scout Tower
25:30 Scout Tower
25:32 Scout Tower
25:37 Scout Tower
25:38 Scout Tower
25:38 Scout Tower
25:40 Scout Tower
25:40 Scout Tower
25:41 Scout Tower
25:41 Scout Tower
25:42 Scout Tower
25:43 Scout Tower
25:43 Scout Tower
25:44 Scout Tower
25:45 Scout Tower
25:45 Scout Tower
25:46 Scout Tower
25:47 Scout Tower
25:48 Scout Tower
27:21 Guard Tower
28:20 Guard Tower
28:22 Guard Tower
28:22 Guard Tower
28:25 Guard Tower
28:29 Guard Tower
» items
| Scroll of Regeneration | 1 | |
| Lesser Clarity Potion | 1 | |
2 total
norfriend (
yellow | 82 APM | 2410 actions | 29:14)
5 Mountain King
3 Storm Bolt
2 Bash
4 Archmage
2 Blizzard
2 Brilliance Aura
» actions
| Assign group hotkey | 23 | |
| Basic commands | 138 | |
| Build / train | 96 | |
| ESC pressed | 4 | |
| Enter build submenu | 55 | |
| Enter hero's abilities submenu | 9 | |
| Give item / drop item | 2 | |
| Right click | 847 | |
| Select / deselect | 330 | |
| Select group hotkey | 763 | |
| Use ability | 143 | |
2410 total
» units
| Peasant | 22 | |
| Mortar Team | 8 | |
| Siege Engine | 8 | |
38 total
» upgrades
| Masonry | 2 | |
| Lumber Harvesting | 1 | |
| Gunpowder | 1 | |
| Armor | 2 | |
| Fragmentation Shards | 1 | |
| Flare | 1 | |
| Barrage | 1 | |
| Plating | 2 | |
11 total
» buildings
| Altar of Kings | 1 | |
| Farm | 6 | |
| Lumber Mill | 1 | |
| Scout Tower | 35 | |
| Arcane Tower | 3 | |
| Guard Tower | 21 | |
| Arcane Vault | 3 | |
| Keep | 1 | |
| Blacksmith | 1 | |
| Workshop | 3 | |
| Town Hall | 4 | |
| Castle | 1 | |
80 total
» build order
00:05 Altar of Kings
00:07 Farm
00:33 Lumber Mill
00:48 Scout Tower
01:15 Scout Tower
01:16 Arcane Tower
01:52 Scout Tower
02:01 Arcane Tower
02:14 Farm
02:22 Guard Tower
02:32 Farm
02:58 Arcane Vault
03:48 Keep
04:28 Scout Tower
04:30 Scout Tower
04:57 Guard Tower
05:00 Arcane Tower
05:01 Scout Tower
05:20 Guard Tower
05:21 Scout Tower
05:31 Blacksmith
05:41 Guard Tower
05:44 Scout Tower
05:45 Scout Tower
05:47 Scout Tower
06:18 Guard Tower
06:24 Scout Tower
06:25 Guard Tower
06:26 Scout Tower
06:28 Scout Tower
06:36 Farm
06:54 Scout Tower
06:55 Scout Tower
07:01 Guard Tower
07:04 Scout Tower
07:13 Scout Tower
07:26 Guard Tower
07:28 Scout Tower
07:30 Scout Tower
07:42 Workshop
07:49 Guard Tower
07:51 Scout Tower
07:51 Scout Tower
08:14 Guard Tower
09:41 Scout Tower
09:43 Scout Tower
09:45 Scout Tower
09:46 Guard Tower
10:06 Farm
10:06 Farm
10:18 Guard Tower
10:31 Scout Tower
10:33 Scout Tower
10:34 Scout Tower
11:07 Town Hall
11:15 Guard Tower
11:33 Guard Tower
11:57 Guard Tower
13:03 Arcane Vault
13:13 Arcane Vault
15:10 Guard Tower
15:52 Scout Tower
15:54 Scout Tower
16:08 Castle
16:23 Guard Tower
16:47 Guard Tower
16:48 Scout Tower
16:49 Scout Tower
17:24 Guard Tower
17:25 Scout Tower
17:27 Scout Tower
17:59 Guard Tower
18:05 Scout Tower
18:06 Scout Tower
18:50 Town Hall
19:26 Guard Tower
21:54 Town Hall
22:49 Workshop
22:52 Workshop
25:29 Town Hall
» items
| Scroll of Regeneration | 4 | |
| Potion of Healing | 2 | |
| Potion of Mana | 1 | |
| Ivory Tower | 2 | |
| Orb of Fire | 1 | |
10 total
NUTSONYOCHIN.DE (
purple | 56 APM | 1636 actions | 29:14)
6 Mountain King
3 Storm Bolt
2 Bash
1 Avatar
» actions
| Assign group hotkey | 9 | |
| Basic commands | 41 | |
| Build / train | 105 | |
| ESC pressed | 1 | |
| Enter build submenu | 81 | |
| Enter hero's abilities submenu | 6 | |
| Give item / drop item | 5 | |
| Right click | 713 | |
| Select / deselect | 212 | |
| Select group hotkey | 284 | |
| Use ability | 179 | |
1636 total
» units
» upgrades
| Masonry | 3 | |
| Lumber Harvesting | 2 | |
| Magic Sentry | 1 | |
6 total
» buildings
| Altar of Kings | 1 | |
| Lumber Mill | 2 | |
| Farm | 6 | |
| Scout Tower | 97 | |
| Arcane Tower | 4 | |
| Guard Tower | 36 | |
| Town Hall | 9 | |
| Arcane Vault | 1 | |
| Keep | 1 | |
| Arcane Sanctum | 1 | |
| Castle | 1 | |
159 total
» build order
00:06 Altar of Kings
00:10 Lumber Mill
00:12 Farm
00:41 Scout Tower
01:02 Farm
01:24 Arcane Tower
01:24 Arcane Tower
01:25 Arcane Tower
01:45 Scout Tower
02:14 Guard Tower
02:15 Scout Tower
02:18 Scout Tower
02:46 Guard Tower
02:47 Scout Tower
02:49 Scout Tower
03:13 Scout Tower
03:14 Scout Tower
03:21 Farm
03:57 Guard Tower
04:01 Guard Tower
04:08 Scout Tower
04:09 Scout Tower
05:13 Guard Tower
05:39 Town Hall
05:43 Arcane Vault
05:45 Scout Tower
05:46 Scout Tower
05:46 Scout Tower
05:49 Scout Tower
05:49 Scout Tower
05:50 Scout Tower
05:52 Scout Tower
05:53 Scout Tower
05:56 Scout Tower
06:11 Scout Tower
06:12 Scout Tower
06:15 Farm
06:16 Farm
06:18 Farm
06:24 Guard Tower
06:28 Guard Tower
06:28 Guard Tower
06:39 Guard Tower
06:40 Guard Tower
07:08 Guard Tower
07:58 Town Hall
08:32 Scout Tower
08:33 Scout Tower
08:35 Scout Tower
08:36 Scout Tower
08:45 Scout Tower
08:46 Scout Tower
08:47 Scout Tower
08:52 Scout Tower
08:52 Scout Tower
08:57 Scout Tower
08:58 Scout Tower
09:21 Guard Tower
09:21 Guard Tower
10:02 Guard Tower
10:05 Arcane Tower
10:06 Guard Tower
10:10 Guard Tower
10:13 Lumber Mill
10:45 Guard Tower
10:47 Scout Tower
10:48 Scout Tower
10:53 Guard Tower
11:23 Town Hall
11:31 Scout Tower
11:32 Scout Tower
11:33 Scout Tower
11:34 Scout Tower
11:36 Scout Tower
11:37 Scout Tower
11:38 Scout Tower
11:39 Scout Tower
11:48 Keep
12:19 Guard Tower
13:03 Guard Tower
13:08 Guard Tower
13:25 Town Hall
13:28 Scout Tower
13:29 Scout Tower
13:29 Scout Tower
13:30 Scout Tower
13:32 Scout Tower
13:32 Scout Tower
13:33 Scout Tower
13:35 Scout Tower
13:36 Scout Tower
13:37 Scout Tower
14:07 Guard Tower
14:23 Arcane Sanctum
14:38 Guard Tower
14:44 Guard Tower
16:44 Town Hall
16:47 Scout Tower
16:48 Scout Tower
16:49 Scout Tower
16:49 Scout Tower
16:51 Scout Tower
16:52 Scout Tower
16:52 Scout Tower
16:53 Scout Tower
17:13 Castle
17:21 Guard Tower
17:23 Guard Tower
17:51 Guard Tower
17:52 Guard Tower
18:02 Town Hall
18:28 Scout Tower
18:29 Scout Tower
18:30 Scout Tower
18:30 Scout Tower
18:31 Scout Tower
18:32 Scout Tower
18:33 Scout Tower
18:33 Scout Tower
18:34 Scout Tower
19:04 Town Hall
19:06 Scout Tower
19:07 Scout Tower
19:07 Scout Tower
19:08 Scout Tower
19:08 Scout Tower
19:09 Scout Tower
19:10 Scout Tower
19:11 Scout Tower
19:13 Scout Tower
19:14 Scout Tower
19:14 Scout Tower
19:15 Scout Tower
19:58 Guard Tower
20:32 Town Hall
20:35 Scout Tower
20:36 Scout Tower
20:37 Scout Tower
20:38 Scout Tower
20:39 Scout Tower
20:39 Scout Tower
20:40 Scout Tower
20:41 Scout Tower
21:16 Guard Tower
22:48 Guard Tower
22:53 Town Hall
22:55 Scout Tower
22:56 Scout Tower
22:57 Scout Tower
22:58 Scout Tower
23:10 Scout Tower
23:11 Scout Tower
23:12 Scout Tower
23:13 Scout Tower
25:01 Guard Tower
27:57 Guard Tower
28:01 Guard Tower
28:52 Guard Tower
» items
| Lesser Clarity Potion | 1 | |
| Boots of Speed | 1 | |
| Staff of Teleportation | 1 | |
| Potion of Healing | 3 | |
| Potion of Mana | 1 | |
| Orb of Corruption | 1 | |
| Scroll of Regeneration | 1 | |
9 total
SMERBECK (
red | 60 APM | 1757 actions | 29:14)
5 Death Knight
3 Death Coil
2 Unholy Aura
» actions
| Assign group hotkey | 18 | |
| Basic commands | 245 | |
| Build / train | 52 | |
| ESC pressed | 1 | |
| Enter build submenu | 15 | |
| Enter hero's abilities submenu | 6 | |
| Give item / drop item | 6 | |
| Remove unit from queue | 4 | |
| Right click | 749 | |
| Select / deselect | 198 | |
| Select group hotkey | 369 | |
| Use ability | 94 | |
1757 total
» units
| Acolyte | 2 | |
| Ghoul | 13 | |
| Crypt Fiend | 3 | |
18 total
» upgrades
» buildings
| Graveyard | 1 | |
| Crypt | 1 | |
| Altar of Darkness | 1 | |
| Ziggurat | 8 | |
| Tomb of Relics | 1 | |
| Nerubian Tower | 2 | |
| Spirit Tower | 2 | |
| Halls of the Dead | 3 | |
| Black Citadel | 3 | |
| Sacrificial Pit | 1 | |
| Boneyard | 2 | |
25 total
» build order
00:07 Graveyard
00:22 Crypt
00:51 Altar of Darkness
01:06 Ziggurat
01:25 Tomb of Relics
01:42 Ziggurat
02:57 Nerubian Tower
02:57 Nerubian Tower
03:03 Spirit Tower
04:25 Halls of the Dead
04:25 Halls of the Dead
06:48 Black Citadel
06:48 Black Citadel
08:51 Sacrificial Pit
09:54 Boneyard
09:55 Boneyard
13:28 Ziggurat
13:29 Ziggurat
13:30 Ziggurat
13:31 Ziggurat
13:31 Ziggurat
13:31 Ziggurat
» items
| Rod of Necromancy | 3 | |
| Dust of Appearance | 1 | |
| Scroll of Town Portal | 2 | |
| Scroll of Healing | 1 | |
| Potion of Healing | 2 | |
| Potion of Mana | 1 | |
10 total
team 2 (loser)
call[OFF]me (
teal | 46 APM | 405 actions | 08:52)
2 Far Seer
1 Feral Spirit
1 Chain Lighting
» actions
| Build / train | 26 | |
| Enter build submenu | 8 | |
| Enter hero's abilities submenu | 3 | |
| Right click | 243 | |
| Select / deselect | 102 | |
| Use ability | 23 | |
405 total
» units
» buildings
| Altar of Storms | 1 | |
| Orc Burrow | 4 | |
| Barracks | 1 | |
| Voodoo Lounge | 1 | |
| Stronghold | 1 | |
| War Mill | 1 | |
9 total
» build order
00:04 Altar of Storms
00:06 Orc Burrow
00:28 Barracks
01:36 Orc Burrow
02:37 Voodoo Lounge
04:12 Stronghold
04:15 Orc Burrow
05:12 Orc Burrow
05:16 War Mill
» items
| Lesser Clarity Potion | 1 | |
| Potion of Healing | 2 | |
| Potion of Mana | 1 | |
4 total
call[ON]me (
pink | 40 APM | 356 actions | 08:59)
3 Far Seer
2 Feral Spirit
1 Chain Lighting
» actions
| Build / train | 18 | |
| Enter build submenu | 10 | |
| Enter hero's abilities submenu | 3 | |
| Right click | 180 | |
| Select / deselect | 130 | |
| Use ability | 15 | |
356 total
» units
» buildings
| Altar of Storms | 1 | |
| Orc Burrow | 3 | |
| Barracks | 1 | |
| War Mill | 1 | |
| Voodoo Lounge | 1 | |
| Stronghold | 1 | |
8 total
» build order
00:11 Altar of Storms
00:18 Orc Burrow
01:56 Barracks
02:44 Orc Burrow
04:16 Orc Burrow
05:29 War Mill
06:10 Voodoo Lounge
06:11 Stronghold
Rastisyxa (
green | 49 APM | 1445 actions | 29:13)
2 Far Seer
1 Feral Spirit
1 Chain Lighting
» actions
| Build / train | 105 | |
| ESC pressed | 1 | |
| Enter build submenu | 23 | |
| Enter hero's abilities submenu | 2 | |
| Right click | 938 | |
| Select / deselect | 303 | |
| Use ability | 72 | |
1445 total
» units
| Peon | 11 | |
| Grunt | 6 | |
| Troll Headhunter/Berserker | 35 | |
| Wind Rider | 25 | |
| Troll Batrider | 20 | |
97 total
» upgrades
| Pillage | 1 | |
| Melee Weapons | 1 | |
| Spiked Barricades | 1 | |
| Armor | 1 | |
4 total
» buildings
| Altar of Storms | 1 | |
| Orc Burrow | 9 | |
| Barracks | 2 | |
| War Mill | 1 | |
| Stronghold | 1 | |
| Watch Tower | 36 | |
| Beastiary | 4 | |
| Great Hall | 1 | |
55 total
» build order
00:06 Altar of Storms
00:09 Orc Burrow
00:10 Orc Burrow
00:12 Orc Burrow
02:04 Barracks
03:55 Orc Burrow
03:56 Orc Burrow
04:20 War Mill
04:59 Stronghold
09:41 Barracks
10:09 Watch Tower
10:11 Watch Tower
10:13 Watch Tower
10:13 Watch Tower
10:14 Watch Tower
10:15 Watch Tower
10:17 Watch Tower
10:18 Watch Tower
10:18 Watch Tower
10:19 Watch Tower
10:35 Watch Tower
10:37 Watch Tower
10:37 Watch Tower
10:38 Watch Tower
10:39 Watch Tower
10:40 Watch Tower
10:41 Watch Tower
10:41 Watch Tower
10:43 Watch Tower
10:44 Watch Tower
13:08 Orc Burrow
13:09 Orc Burrow
13:10 Orc Burrow
13:24 Beastiary
13:39 Watch Tower
13:40 Watch Tower
13:41 Watch Tower
13:42 Watch Tower
13:43 Watch Tower
13:43 Watch Tower
13:50 Watch Tower
13:52 Watch Tower
13:53 Watch Tower
13:53 Watch Tower
13:54 Watch Tower
13:56 Watch Tower
19:23 Great Hall
20:15 Watch Tower
20:16 Watch Tower
20:17 Watch Tower
20:19 Watch Tower
21:29 Beastiary
21:39 Beastiary
21:44 Beastiary
24:43 Orc Burrow
Svennelicious (
blue | 33 APM | 248 actions | 07:33)
2 Far Seer
1 Feral Spirit
1 Chain Lighting
» actions
| Assign group hotkey | 1 | |
| Basic commands | 1 | |
| Build / train | 12 | |
| Enter build submenu | 9 | |
| Enter hero's abilities submenu | 2 | |
| Right click | 158 | |
| Select / deselect | 52 | |
| Use ability | 13 | |
248 total
» units
» buildings
| Altar of Storms | 1 | |
| Orc Burrow | 4 | |
| War Mill | 1 | |
| Barracks | 3 | |
9 total
» build order
00:06 Altar of Storms
00:11 Orc Burrow
01:09 Orc Burrow
01:37 War Mill
04:11 Barracks
04:13 Barracks
04:14 Barracks
04:21 Orc Burrow
04:23 Orc Burrow
Chat log
(00:02 / Allies) norfriend: lol
(00:08 / All) SMERBECK: yo
(00:09 / Allies) MyCreation: incoming gimmick
(00:11 / All) SMERBECK: do you love 80s music
(00:13 / Allies) norfriend: i hate this map
(00:17 / All) SMERBECK: bercause iu fucking LOVE 80s music
(00:20 / All) Rastisyxa: i love being high
(00:21 / Allies) NUTSONYOCHIN.DE: this is best map
(00:24 / Allies) norfriend: hope these guys like arcane towers
(00:24 / Allies) NUTSONYOCHIN.DE: top left is mine
(00:35 / Allies) NUTSONYOCHIN.DE: everything inside of this belongs to me
(00:44 / Allies) MyCreation: even keith?
(00:45 / Allies) SMERBECK: my expo AHEUAHEAUHEAHAEh
(00:57 / Allies) SMERBECK: even
(00:59 / Allies) norfriend: going mk i guess
(01:00 / Allies) SMERBECK: in regards to wha tlvoe
(01:16 / Allies) SMERBECK: ¿_¿
(01:17 / Allies) MyCreation: well your in tims area he says everyone in there belongs to him
(01:19 / Allies) MyCreation: :(
(01:30 / Allies) SMERBECK: can i move towarsd your base?
(01:31 / Allies) SMERBECK: plzzz
(01:34 / Allies) NUTSONYOCHIN.DE: me and keith we belong to eachother..
(01:39 / Allies) SMERBECK: more or less.
(01:43 / Allies) MyCreation: wtf
(01:44 / Allies) SMERBECK: like
(01:44 / Allies) MyCreation: WTF
(01:45 / Allies) SMERBECK: the song
(01:49 / Allies) SMERBECK: my PAT BENATAR
(01:51 / Allies) SMERBECK: WE BELONG
(01:53 / Allies) SMERBECK: TO THE LIFE
(01:56 / Allies) norfriend: sup orange
(01:57 / Allies) SMERBECK: WE BELONG TO EACH OTHERRRR
(01:59 / Allies) SMERBECK: EAHUEAHAEHUAHUA
(02:02 / Allies) MyCreation: towering u a bit
(02:05 / Allies) norfriend: ty
(02:08 / Allies) NUTSONYOCHIN.DE: tower you self
(02:09 / Allies) SMERBECK: you're not cool... with me and tim
(02:11 / Allies) NUTSONYOCHIN.DE: they gonna go to next base
(02:12 / Allies) SMERBECK: and how we act with eacher?
(02:12 / Allies) MyCreation: im going
(02:14 / Allies) SMERBECK: wtf
(02:33 / Allies) SMERBECK: i thoughty you were cool wit hthat
(02:35 / Allies) norfriend: fs
(02:42 / Allies) NUTSONYOCHIN.DE: they noob
(02:49 / Allies) norfriend: all fs
(02:52 / All) SMERBECK: "THEY NOOB" - aquamarine
(02:59 / Allies) NUTSONYOCHIN.DE: tower up keith
(03:04 / Allies) SMERBECK: beg me
(03:11 / Allies) SMERBECK: FUCK
(03:18 / Allies) MyCreation: they hack
(03:19 / Allies) MyCreation: lol
(03:20 / Allies) norfriend: just focus one at a time
(03:37 / Allies) norfriend: oh god
(04:10 / Allies) norfriend: gonna try and tower one
(04:22 / All) SMERBECK: yo that was pretty sad, even for hacking.
(04:24 / Allies) MyCreation: that was a nice bit of warcraft by us mks
(04:31 / All) Svennelicious: hack?
(04:41 / All) SMERBECK: "hack?" - milky salmon
(04:42 / Allies) SMERBECK: did you know
(04:46 / Allies) SMERBECK: many years ago
(04:49 / All) call[OFF]me: asså 1 kan köra undead med
(04:50 / Allies) SMERBECK: when those crayola crayons
(04:51 / Allies) SMERBECK: had
(04:54 / Allies) SMERBECK: a contest
(04:57 / Allies) SMERBECK: for who could name a colour
(04:59 / All) NUTSONYOCHIN.DE: det ar sjörgismar och spielen
(05:06 / Allies) SMERBECK: i submitted milky salmon
(05:14 / Allies) SMERBECK: wqow
(05:17 / Allies) SMERBECK: im telling a story jill
(05:26 / Allies) MyCreation: im listening
(05:29 / Allies) SMERBECK: creep it on your own
(05:32 / Allies) MyCreation: no
(05:34 / Allies) MyCreation: :)
(05:36 / Allies) MyCreation: :(*
(05:48 / Allies) SMERBECK: riot it
(05:53 / Allies) MyCreation: i am
(05:53 / Allies) SMERBECK: i dont have time for people
(05:55 / Allies) SMERBECK: who dont listen
(05:55 / Allies) norfriend: gonna be fun
(06:21 / Allies) NUTSONYOCHIN.DE: gold
(06:25 / Allies) SMERBECK: i accept
(06:28 / Allies) SMERBECK: your apologiy
(06:32 / Allies) MyCreation: thank you
(06:32 / Allies) NUTSONYOCHIN.DE: quickly
(06:49 / Allies) norfriend: war is upon them
(07:14 / All) SMERBECK: grunt 18-21 damage 1 armour 700 hitpoints
(07:15 / All) SMERBECK: DEAD
(07:16 / Allies) norfriend: party hard
(07:20 / Allies) MyCreation: NICE BURROWS
(07:36 / All) norfriend: gg
(07:58 / All) norfriend: thx for the xpo
(08:09 / Allies) NUTSONYOCHIN.DE: wood me quick
(08:13 / Allies) NUTSONYOCHIN.DE: quick quick
(08:15 / Allies) NUTSONYOCHIN.DE: q u i c k
(08:16 / Allies) NUTSONYOCHIN.DE: ty
(08:43 / Allies) MyCreation: wheres my hall go
(08:56 / All) norfriend: gtfo
(09:01 / All) norfriend: Ty
(09:02 / Allies) SMERBECK: told you
(09:07 / Allies) SMERBECK: what was gonna happen
(09:09 / Allies) NUTSONYOCHIN.DE: damn
(09:13 / Allies) NUTSONYOCHIN.DE: i was making so many expos
(09:32 / Allies) MyCreation: keith im sorry
(09:37 / Allies) MyCreation: stop abusing me :(!
(09:58 / Allies) SMERBECK: for now.
(10:11 / All) norfriend: megafail
(10:16 / Allies) MyCreation: who killed my mk
(10:18 / Allies) MyCreation: ffs
(10:20 / Allies) norfriend: not me
(10:26 / Allies) norfriend: even though my towers did it
(10:27 / Allies) SMERBECK: in a fit of rage i did
(10:40 / Allies) SMERBECK: you know how badly
(10:42 / Allies) SMERBECK: i rage jill
(10:50 / Allies) MyCreation: :'(
(10:53 / Allies) SMERBECK: you'relucky
(10:55 / Allies) SMERBECK: thats all i did
(11:31 / Allies) SMERBECK: im sawwy
(11:48 / Allies) MyCreation: i accept your apology
(13:20 / Allies) SMERBECK: :[
(13:37 / Allies) MyCreation: did u know bm cant ww thru items
(14:14 / Allies) MyCreation: also why did fiar ban me?:(
(14:23 / Allies) SMERBECK: lol what kind of question is that
(14:29 / Allies) SMERBECK: ofc hes gonna ban you
(14:30 / Allies) NUTSONYOCHIN.DE: he angry and hates towa
(14:33 / Allies) SMERBECK: hes a young kid
(14:36 / Allies) SMERBECK: who hates towa
(14:40 / Allies) NUTSONYOCHIN.DE: wood please
(14:44 / Allies) MyCreation: why he hate towa
(14:49 / Allies) SMERBECK: because
(14:51 / Allies) SMERBECK: lol
(14:53 / Allies) NUTSONYOCHIN.DE: do you know
(14:53 / Allies) SMERBECK: i could go on and on
(14:55 / Allies) NUTSONYOCHIN.DE: what we do?
(15:00 / Allies) SMERBECK: jill
(15:05 / Allies) SMERBECK: questioning why people hate towa
(15:14 / Allies) SMERBECK: i wonder why :3
(15:17 / Allies) NUTSONYOCHIN.DE: clan towa used to be ruthless back in the day
(15:36 / Allies) MyCreation: you mean you show mecry now?!
(15:37 / Allies) MyCreation: ?!?!
(15:41 / Allies) norfriend: 99% of tower games played by like 5 people
(15:52 / Allies) NUTSONYOCHIN.DE: every game would be us talking shit
(15:56 / Allies) NUTSONYOCHIN.DE: making it last as long as possible
(16:02 / Allies) NUTSONYOCHIN.DE: doing anything to piss people off
(16:05 / Allies) SMERBECK: lol
(16:05 / Allies) SMERBECK: yep
(16:31 / Allies) SMERBECK: i love
(16:36 / Allies) SMERBECK: attack animation canceeling
(16:36 / Allies) MyCreation: is that why bear_and gets death threats?
(16:37 / Allies) SMERBECK: with dk
(16:40 / Allies) SMERBECK: while im creeping
(16:43 / Allies) SMERBECK: its so exotci
(17:04 / Allies) SMERBECK: one thing that dota
(17:06 / Allies) SMERBECK: helped with me
(17:13 / Allies) SMERBECK: in ladder is attack animation cancelling
(17:15 / Allies) SMERBECK: for sure
(17:34 / Allies) NUTSONYOCHIN.DE: im running out of workers
(17:42 / Allies) SMERBECK: letting the whole coil animation
(17:43 / Allies) NUTSONYOCHIN.DE: to expand with
(17:43 / Allies) SMERBECK: follow through
(17:51 / Allies) SMERBECK: is like shooting yourself in the foot
(18:36 / Allies) norfriend: hi this expo mine
(18:37 / Allies) norfriend: ty
(18:42 / Allies) NUTSONYOCHIN.DE: lmao
(18:44 / Allies) NUTSONYOCHIN.DE: only one expo..
(18:44 / Allies) MyCreation: fu
(18:54 / Allies) NUTSONYOCHIN.DE: my gold per minute
(18:56 / Allies) NUTSONYOCHIN.DE: gonna go up a lot
(18:58 / Allies) NUTSONYOCHIN.DE: becasue of this game
(19:08 / Allies) norfriend: ty
(19:13 / Allies) MyCreation: sure
(19:14 / All) Rastisyxa: is this fun :D?
(19:19 / All) MyCreation: fuck yes
(19:20 / Allies) NUTSONYOCHIN.DE: wood me please
(19:24 / All) MyCreation: we do this every game stupid
(19:30 / All) SMERBECK: hi friend
(19:33 / All) Rastisyxa: my first time :D
(19:34 / All) SMERBECK: suck my dick!
(19:37 / All) SMERBECK: lol!
(19:38 / All) Rastisyxa: Rude
(19:43 / All) SMERBECK: i love you man
(19:52 / Allies) NUTSONYOCHIN.DE: wood wood w00d
(19:52 / Allies) MyCreation: keith
(19:55 / Allies) MyCreation: stop bsing me plz
(20:04 / Allies) SMERBECK: what you gonna do about it
(20:16 / Allies) NUTSONYOCHIN.DE: wood u would me.
(20:19 / Allies) MyCreation: ill leave
(20:27 / Allies) SMERBECK: erm
(20:28 / Allies) SMERBECK: well ok
(20:29 / Allies) SMERBECK: lol
(20:31 / Allies) SMERBECK: i dont want that
(20:35 / Allies) SMERBECK: `-`
(20:40 / Allies) MyCreation: -_-
(20:41 / Allies) SMERBECK: is that just
(20:42 / Allies) SMERBECK: one of those
(20:45 / Allies) SMERBECK: girlish threads?
(20:47 / Allies) SMERBECK: threats
(20:50 / Allies) SMERBECK: that im supposed to obey?
(20:55 / Allies) MyCreation: im being serious
(21:05 / Allies) NUTSONYOCHIN.DE: dont leave
(21:07 / Allies) NUTSONYOCHIN.DE: we need you
(21:08 / Allies) SMERBECK: word
(21:09 / Allies) NUTSONYOCHIN.DE: to wint his game
(21:17 / Allies) MyCreation: by leave i meant leave wc3
(21:19 / Allies) NUTSONYOCHIN.DE: and i need wood
(22:17 / Allies) NUTSONYOCHIN.DE: look at all these empty expos on bottom
(22:21 / Allies) NUTSONYOCHIN.DE: is kind of embarrassing
(22:31 / Allies) MyCreation: help me creep
(22:32 / Allies) MyCreation: plz
(22:37 / Allies) NUTSONYOCHIN.DE: hero and militia
(22:38 / Allies) NUTSONYOCHIN.DE: its easy camp
(24:00 / Allies) NUTSONYOCHIN.DE: troll massacre
(24:13 / Allies) NUTSONYOCHIN.DE: damn
(24:17 / Allies) NUTSONYOCHIN.DE: every worker i have
(24:18 / Allies) NUTSONYOCHIN.DE: is mining goold
(24:21 / Allies) NUTSONYOCHIN.DE: all 45 of them
(25:46 / Allies) NUTSONYOCHIN.DE: gay
(26:01 / All) Rastisyxa: gg :D
(26:04 / Allies) MyCreation: there seems to be goos following me
(26:08 / All) MyCreation: raped noob
(26:09 / All) MyCreation: rofl!
(26:18 / Allies) NUTSONYOCHIN.DE: damn i lost a mine
(26:29 / All) Rastisyxa: well takes 4 tards to take one :)
(26:44 / All) MyCreation: well your allies all left
(26:47 / All) MyCreation: wonder why...................................
(26:53 / All) Rastisyxa: they left game
(26:56 / All) Rastisyxa: loel hyahaha
(27:02 / All) MyCreation: cause they suck
(27:03 / All) Rastisyxa: ive been playing all alone
(27:09 / All) MyCreation: and are fucking retarded like you rofl!
(27:11 / All) NUTSONYOCHIN.DE: i got 50k gold
(27:22 / All) NUTSONYOCHIN.DE: i died
(27:29 / All) Rastisyxa: hahahaa
(27:31 / Allies) NUTSONYOCHIN.DE: id tav res but i aint got the lum
(27:31 / All) Rastisyxa: retards
(28:00 / Allies) SMERBECK: ghouls must stay
(28:02 / Allies) SMERBECK: 4 feet away
(28:04 / Allies) SMERBECK: or else be
(28:07 / Allies) SMERBECK: destroyed by
(28:09 / Allies) SMERBECK: aw fuck it
(28:15 / Allies) SMERBECK: corny cute line wasnt going to work
(28:15 / Allies) SMERBECK: lmao
(28:56 / Allies) MyCreation: stop it keith
(29:02 / All) Rastisyxa: i will leave now try destroying the rest ;)
(29:03 / Allies) SMERBECK: erm
(29:08 / Allies) SMERBECK: o-o